AoeStats
← priuslee

Black Forest

509643163Analyzed
3v3 RM · 5d ago on Sep 27, 2026· 49m 40s· 6 players
Game mode
Random Map
Map size
Normal (6 player)
Population
200
Speed
Normal
Resources
Standard
Victory
Conquest
Starting age
Dark Age
Ending age
Imperial Age
RankedLock teamsTeams togetherTeam positionsShared explorationLock speedFull tech treeHidden civsTurbo modeCheats
Victory
Defeat
🇨🇳 Teutons · China
911
+14
🇨🇳 Khmer · China
894
+15
🇨🇳 Danes · China
886
+15
🇨🇳 Franks · China
885
-15
871
-15
🇨🇳 Teutons · China
847
-14
007
12:19 Feudal Age
17:10 Castle Age
15:04 Double-Bit Axe
15:16 Gold Mining
19:25 Wheelbarrow
21:00 Bow Saw
24:41 Gold Shaft Mining
23:57 Stone Mining
24:52 Loom
26:48 Hand Cart
29:52 Treadmill Crane
32:50 Imperial Age
30:28 Scale Barding Armor
30:34 Forging
30:35 Husbandry
31:31 Chain Barding Armor
33:01 Iron Casting
32:56 Masonry
33:14 Town Watch
33:02 Light Cavalry
33:03 Cavalier
34:50 Plate Barding Armor
34:57 Conscription
34:42 Chivalry
36:08 Blast Furnace
35:09 Scale Mail Armor
35:22 Town Patrol
36:21 Padded Archer Armor
35:45 Paladin
37:40 Leather Archer Armor
41:49 Herbal Medicine
45:27 Caravan
45:58 Coinage
48:12 Onager
48:36 Ordonnance Companies
48:44 Elite Throwing Axeman
烟火人间
0:41 Loom
11:26 Feudal Age
13:51 Double-Bit Axe
19:25 Castle Age
17:33 Stone Mining
22:46 Bow Saw
22:20 Horse Collar
23:19 Stone Shaft Mining
23:50 Gold Mining
24:05 Heavy Plow
28:49 Town Watch
29:45 Wheelbarrow
30:39 Fletching
33:19 Ironclad
33:05 Town Patrol
33:21 Town Patrol
34:28 Ballistics
37:31 Imperial Age
36:16 Forging
36:06 Scale Mail Armor
38:36 Conscription
37:38 Elite Teutonic Knight
40:57 Heavy Scorpion
42:04 Crenellations
43:40 Squires
外卖小哥唐宋江
0:28 Loom
13:44 Feudal Age
17:51 Double-Bit Axe
20:58 Castle Age
19:37 Fishing Lines
29:14 Bow Saw
31:36 Wheelbarrow
30:46 Town Watch
34:55 Imperial Age
34:02 Gambesons
34:18 Squires
34:06 Arson
34:25 Scale Mail Armor
34:36 Forging
35:23 Chain Mail Armor
36:03 Conscription
35:19 Elite Varangian Guard
36:01 Gothikon
38:10 Pikeman
40:02 Herbal Medicine
40:50 Gold Mining
41:26 Horse Collar
41:42 Gillnets
46:49 Two-Man Saw
45:55 Heavy Plow
46:32 Plate Mail Armor
46:38 Iron Casting
priuslee
6:36 Loom
10:42 Feudal Age
14:40 Castle Age
12:57 Double-Bit Axe
18:09 Wheelbarrow
18:16 Gold Mining
18:19 Loom
19:49 Horse Collar
21:24 Heavy Plow
24:30 Stone Mining
25:15 Gold Shaft Mining
29:54 Imperial Age
28:58 Hand Cart
28:31 Town Watch
30:03 Town Patrol
30:27 Bow Saw
30:21 Scale Mail Armor
30:31 Forging
30:46 Ballistics
30:02 Hamask
31:52 Onager
34:51 Chain Mail Armor
35:12 Iron Casting
34:42 Siege Onager
35:31 Siege Engineers
36:35 Chemistry
35:57 Arson
36:12 Squires
35:58 Gambesons
38:45 Elite Jomsviking
39:46 Conscription
42:44 Plate Mail Armor
43:14 Blast Furnace
ZHINAR
10:07 Loom
13:42 Feudal Age
19:58 Castle Age
18:25 Horse Collar
18:35 Double-Bit Axe
22:47 Bow Saw
29:08 Heavy Plow
35:12 Imperial Age
33:31 Wheelbarrow
33:18 Scale Barding Armor
33:27 Bloodlines
33:27 Husbandry
34:16 Ballistics
34:03 Gold Mining
34:04 Stone Mining
35:14 Tusk Swords
35:33 Forging
35:43 Chain Barding Armor
36:29 Double Crossbow
37:36 Chemistry
36:41 Siege Engineers
37:54 Gold Shaft Mining
37:55 Crop Rotation
37:14 Elite Ballista Elephant
38:43 Hand Cart
40:19 Iron Casting
40:07 Elite Battle Elephant
42:06 Plate Barding Armor
47:55 Blast Furnace
47:38 Caravan
48:42 Town Watch
Jilmo
10:55 Feudal Age
12:22 Loom
16:30 Castle Age
15:33 Double-Bit Axe
17:02 Horse Collar
22:33 Scale Mail Armor
22:44 Forging
22:59 Bow Saw
24:19 Gold Mining
26:20 Stone Mining
26:37 Heavy Plow
27:33 Town Watch
29:04 Wheelbarrow
28:31 Gambesons
28:56 Squires
31:01 Chain Mail Armor
30:57 Forging
34:25 Imperial Age
33:13 Iron Casting
32:29 Fletching
33:31 Ironclad
33:01 Arson
33:59 Hand Cart
34:05 Town Patrol
35:40 Plate Mail Armor
36:23 Chemistry
36:21 Conscription
35:46 Elite Teutonic Knight
37:30 Blast Furnace
37:53 Siege Engineers
38:23 Bodkin Arrow
40:11 Two-Man Saw
39:45 Crop Rotation
41:54 Ballistics
41:23 Arrowslits
42:17 Hoardings
42:05 Crenellations
47:04 Fortified Wall
Connection lost

Rejoining the realm…

Still unreachable

The connection could not be restored.

Session expired

The server has moved on; the page needs a fresh start.